 Dungeon Crawl Stone Soup version 0.30.0-29-ga12c61a403 (webtiles) character file.

Game seed: 3108210884981139167

3098 CrazyMind the Chopper (level 9, -11/78 HPs)
             Began as an Armataur Fighter on June 10, 2023.
             Was a Priest of Okawaru.
             Killed from afar by a steam dragon (16 damage)
             ... with a ball of steam
             ... on level 7 of the Dungeon.
             The game lasted 00:28:58 (6946 turns).

CrazyMind the Chopper (Armataur Fighter)            Turns: 6946, Time: 00:28:59

Health: -11/78     AC:  9    Str: 30    XL:     9   Next: 59%
Magic:  9/9        EV:  8    Int:  8    God:    Okawaru [***...]
Gold:   831        SH:  9    Dex:  9    Spells: 8/8 levels left

rFire   . . .        C - +7 trident "Vuutudur" {venom, rN+ Str+3}
rCold   + . .        c - +0 buckler
rNeg    + . .        b - +0 scale mail
rPois   .            (no helmet)
rElec   .            x - +0 cloak
rCorr   .            (no gloves)
SInv    .            (no barding)
Will    .....        E - amulet of reflection Stlth
                     n - ring of protection from cold
HPRegen 0.33/turn    (no ring)
MPRegen 0.11/turn

%: reflection, roll
@: no status effects
A: large, rugged brown scales 3, deformed body, armoured tail, roll, long
tongue, awkward tongue
a: Renounce Religion, Heroism


You were on level 7 of the Dungeon.
You worshipped Okawaru.
Okawaru was most pleased with you.
You visited 2 branches of the dungeon, and saw 8 of its levels.

You collected 831 gold pieces.

Inventory:

Hand Weapons
 a - a +0 war axe
 g - a +1 dagger of venom
 o - a +0 dagger of holy wrath
 C - the +7 trident "Vuutudur" (weapon) {venom, rN+ Str+3}
   (You found it on level 6 of the Dungeon)

   Str:       It affects your strength (+3).
   rN:        It protects you from negative energy.
 J - a +4 spear of distortion
Missiles
 j - 4 poisoned darts
 F - a boomerang (quivered)
Armour
 b - a +0 scale mail (worn)
 c - a +0 buckler (worn)
 x - a +0 cloak (worn)
 K - a +2 buckler
Jewellery
 n - a ring of protection from cold (left hand)
 z - a ring of ice
 E - an amulet of reflection (around neck)
 H - an amulet of regeneration
Wands
 t - a wand of acid (13)
 A - a wand of iceblast (8)
Scrolls
 d - 2 scrolls of amnesia
 e - 7 scrolls of identify
 f - a scroll of magic mapping {unknown}
 h - a scroll of enchant weapon {unknown}
 i - 4 scrolls of fog
 l - 4 scrolls of vulnerability
 p - a scroll of blinking {unknown}
 q - a scroll of acquirement {unknown}
 u - 3 scrolls of teleportation
 v - a scroll of noise {unknown}
 y - a scroll of enchant armour {unknown}
 B - a scroll of butterflies {unknown}
 D - a scroll of immolation {unknown}
Potions
 k - a potion of lignification {unknown}
 m - 2 potions of heal wounds {unknown}
 r - 2 potions of magic {unknown}
 s - 2 potions of attraction
 w - 2 potions of curing
 G - a potion of berserk rage {unknown}
 I - a potion of resistance {unknown}


   Skills:
 + Level 4.9 Fighting
 - Level 7.7(8.2) Axes
 * Level 4.1(6.4) Polearms
 + Level 1.6 Throwing
 + Level 7.1 Armour
 + Level 2.0 Dodging
 + Level 1.4 Stealth
 + Level 4.9 Shields


You had 8 spell levels left.
You didn't know any spells.
Your spell library contained the following spells:

 Spells                   Type           Power      Damage    Failure   Level
 Freeze                   Ice            0%         1d3       67%         1
 Scorch                   Fire           0%         2d5       82%         2
 Dazzling Flash           Conj/Hex       0%         N/A       96%         3
 Frozen Ramparts          Ice            0%         1d1       96%         3
 Hailstorm                Conj/Ice       0%         3d3       96%         3
 Flame Wave               Conj/Fire      0%         2d4       100%        4
 Agony                    Necr           0%         N/A       100%        5
 Silence                  Hex/Air        0%         N/A       100%        5
 Storm Form               Tmut/Air       0%         N/A       100%        7
 Maxwell's Capacitive Co  Air            0%         ∞         100%        8
 Summon Lightning Spire   Summ/Air       Unusable   N/A       N/A         4
 Summon Forest            Summ/Tloc      Unusable   N/A       N/A         5
 Summon Mana Viper        Hex/Summ       Unusable   N/A       N/A         5
 Summon Cactus Giant      Summ           Unusable   N/A       N/A         6

Dungeon Overview and Level Annotations

Branches:
Dungeon (7/15) Zot: 26320  Temple (1/1) D:4 Zot: 5543

Altars:
Ashenzari
Cheibriados
Dithmenos
Elyvilon
Fedhas
Gozag
Hepliaklqana
Kikubaaqudgha
Makhleb
Nemelex Xobeh
Okawaru
Qazlal
Ru
Sif Muna
Trog
Uskayaw
Vehumet
Wu Jian
Xom
Yredelemnul
Zin
The Shining One


Innate Abilities, Weirdness & Mutations

You are completely covered in rugged brown scales. (AC +3, +7% HP)
Armour fits poorly on your strangely shaped body.
You have a long armoured tail.
You roll when moving toward enemies. (Rampage)
Your long tongue fully drains potion bottles. (2x potion effects)
Your tongue gives you trouble enunciating. (1.5x scroll delay)


Message History

Okay, then.
Aiming: Iceblast
Press: ? - help, Shift-Dir - straight line, f/p - gnoll
Aim: a gnoll, wielding a +0 vampiric spear The mass of ice explodes!
The iceblast engulfs the gnoll sergeant!
You kill the gnoll sergeant!
Okawaru accepts your kill.
The iceblast engulfs the gnoll!
You kill the gnoll!
Okawaru accepts your kill.
You feel like a meek peon again.
Your base Polearms skill increases to level 4!
Things that are here:
a +4 spear of distortion; a +0 ring mail; a +2 buckler
J - a +4 spear of distortion;
K - a +2 buckler You start removing your armour.
You continue taking off your +0 buckler.
Keep disrobing? [Y]es or [N]o only, please.
Keep disrobing? [Y]es or [N]o only, please.
Keep disrobing? [Y]es or [N]o only, please.
Keep disrobing? [Y]es or [N]o only, please.
Keep disrobing? [Y]es or [N]o only, please.
Keep disrobing?
You stop removing your armour.
w - 2 potions of curing (gained 1)
A steam dragon comes into view.
The steam dragon hisses angrily.
The steam dragon breathes steam at you. The ball of steam hits you!!
* * * LOW HITPOINT WARNING * * *
There is a stone staircase leading up here.
The steam dragon breathes steam at you. The ball of steam hits you!
You die...

#.......)).#.##..g#..###[##.
##..#.#.##.#.###.##..# #.# .
#.#...###.#.###.##..###.##.
#.##.####D..g.g.......)....
#...........#######.###).##
####.####.#§# #........ #.#
#§#§# #####.... #.# #§#§####
#.>## #.# #.@.§..# #..# #>#
###.##.# #... ##########.#
#.# # ##.## ...........# #.#
#.# ############ #.# .# .#
#.# .# #.# .# #.# ##### #)#


There were no monsters in sight!

Vanquished Creatures
  Joseph (D:7)
  Grinder (D:6)
  Edmund (D:6)
  Menkaure (D:7)
  A water moccasin (D:7)
  A sky beast (D:5)
  An orc warrior (D:7)
  A black bear (D:4)
  An ogre (D:5)
  2 phantoms
  2 bullfrogs (D:7)
  Blork the orc (D:5)
  A gnoll sergeant (D:7)
  6 scorpions
  A centaur zombie (D:5)
  4 jellies
  2 orc priests
  Crazy Yiuf (D:6)
  4 hounds
  A gnoll bouda (D:5)
  A sleepcap (D:5)
  7 iguanas
  6 orc wizards
  2 scorpion zombies (D:5)
  A hound zombie (D:5)
  9 gnolls
  9 adders
  A shadow imp (D:7)
  3 white imps (D:7)
  An ufetubus (D:6)
  An adder zombie (D:5)
  2 worms
  A dart slug (D:2)
  27 orcs
  7 bats
  4 endoplasms
  A giant cockroach (D:2)
  5 goblins
  6 hobgoblins
  A jackal (D:5)
  3 kobolds
  3 quokkas
  A ball python (D:1)
  5 frilled lizards
  6 rats
147 creatures vanquished.

Notes
Turn   | Place    | Note
-------+----------+-------------------------------------------
     0 | D:1      | CrazyMind the Armataur Fighter began the quest for the Orb.
     0 | D:1      | Reached XP level 1. HP: 19/19 MP: 1/1
   227 | D:1      | Reached XP level 2. HP: 26/26 MP: 2/2
   908 | D:2      | Reached XP level 3. HP: 32/32 MP: 3/3
  1130 | D:2      | Found a shimmering altar of Xom.
  1576 | D:3      | Reached XP level 4. HP: 38/39 MP: 4/4
  2148 | D:4      | Noticed a scorpion
  2336 | D:4      | Reached XP level 5. HP: 40/48 MP: 5/5
  2564 | D:4      | Reached skill level 1 in Dodging
  2714 | D:4      | Reached XP level 6. HP: 32/54 MP: 6/6
  2819 | D:4      | Found a staircase to the Ecumenical Temple.
  2828 | Temple   | Entered the Ecumenical Temple
  3254 | Temple   | Became a worshipper of Warmaster Okawaru
  3674 | D:5      | Entered Level 5 of the Dungeon
  3972 | D:5      | Reached skill level 5 in Armour
  4019 | D:5      | Found a stormy altar of Qazlal.
  4020 | D:5      | Noticed a sky beast
  4053 | D:5      | Killed a sky beast
  4053 | D:5      | Reached * piety under Okawaru
  4054 | D:5      | Reached skill level 5 in Axes
  4054 | D:5      | Reached skill level 1 in Stealth
  4054 | D:5      | Reached XP level 7. HP: 10/60 MP: 7/7
  4273 | D:5      | Noticed Blork the orc
  4284 | D:5      | Killed Blork the orc
  4962 | D:5      | Reached XP level 8. HP: 64/70 MP: 8/8
  5256 | D:5      | Reached ** piety under Okawaru
  5532 | D:6      | Noticed Grinder
  5541 | D:6      | Reached skill level 1 in Throwing
  5541 | D:6      | Killed Grinder
  5606 | D:6      | Noticed Edmund
  5615 | D:6      | Killed Edmund
  5724 | D:6      | Found a runed translucent door.
  5725 | D:6      | Noticed Crazy Yiuf
  5732 | D:6      | Killed Crazy Yiuf
  5911 | D:5      | Found a basalt altar of Yredelemnul.
  6024 | D:6      | Reached XP level 9. HP: 73/77 MP: 9/9
  6150 | D:6      | Identified the +7 trident "Vuutudur" {venom, rN+ Str+3}
  6320 | D:7      | Noticed Menkaure
  6324 | D:7      | Killed Menkaure
  6325 | D:7      | Reached skill level 1 in Polearms
  6462 | D:7      | Noticed Joseph
  6470 | D:7      | Killed Joseph
  6892 | D:7      | Reached *** piety under Okawaru
  6946 | D:7      | Killed from afar by a steam dragon

Illustrated notes

Levels and vault maps discovered:
D:1:      lightli_arrival_statue_moat, layout_loops_ring, minivault_19,
          minmay_pentomino_z4
D:2:      layout_basic, basic_altar, wad_orctagon
D:3:      layout_basic, minmay_misc_feat_cross, minmay_misc_feat_alley,
          minmay_door_square
D:4:      layout_cave_pods, lemuel_temple_firewalk_b, minmay_fountain_box
D:5:      minmay_polygon_palace, layout_basic, grunt_qazlal_sundering,
          nicolae_yredelemnul_corpse_copse, uniq_blork_the_orc
D:6:      layout_basic, uniq_grinder, uniq_edmund, uniq_crazy_yiuf_cottage
D:7:      layout_loops_ring, uniq_menkaure, uniq_joseph
Temple:   mainiacjoe_temple_big_plus

Skill      XL: |  1  2  3  4  5  6  7  8  9 |
---------------+----------------------------+-----
Armour         | 4 5 6 7 |  7.1
Axes           | 2 3 4 5 6 7 |  7.7
Fighting       | 3 4 |  4.9
Dodging        | 1 2 |  2.0
Stealth        | 1 |  1.4
Shields        | 4 |  4.9
Throwing       | 1 |  1.6
Polearms       | 4 |  4.1

Action                     |  1- 3 |  4- 6 |  7- 9 || total
---------------------------+-------+-------+-------++-------
  Melee: War axe           |    86 |   130 |   173 ||   389
         Tailslap          |    10 |     9 |    26 ||    45
         Trident           |       |       |    83 ||    83
  Throw: Dart              |     1 |     2 |    11 ||    14
         Boomerang         |       |       |     1 ||     1
 Invoke: Heroism           |       |       |     3 ||     3
  Evoke: Wand              |       |       |     7 ||     7
    Use: Potion            |       |     4 |     1 ||     5
         Scroll            |       |     2 |     4 ||     6
 Armour: Scale mail        |    40 |    84 |    91 ||   215
  Dodge: Dodged            |    20 |    43 |    71 ||   134
  Block: Buckler           |    18 |    32 |    60 ||   110
         Reflection        |       |       |     2 ||     2
